Map: Cactus Valley LE (Void)

Players

ShoWTimE - Winner!

  • Race: Protoss Protoss
  • Spawn Location: 7:00

GAMETIME

  • Race: Zerg Zerg
  • Spawn Location: 5:00

Event: WCS Austin 2017

VOD

Have the link to the VOD?

Description

Time

  • Played on: April 28, 2017, 8:02 p.m.
  • Length: 6:35

All games in this series

Show
View Real Time Build Order
Export as new Build Order

ShoWTimE Protoss - Winner!

Build Orders: 1 Gate Expand, Oracle Opening 

Get SALT Encoding   

  12  0:00  Probe (Chrono Boost)  
  13  0:11  Probe (Chrono Boost)  
  14  0:18  Pylon  
  14  0:22  Probe (Chrono Boost)  
  15  0:36  Probe (Chrono Boost)  
  15  0:39  Gateway  
  16  0:45  Assimilator  
  16  0:48  Probe (Chrono Boost)  
  17  0:59  Probe (Chrono Boost)  
  18  1:09  Probe (Chrono Boost)  
  19  1:23  Nexus  
  19  1:25  Zealot  
  21  1:39  Cybernetics Core  
  21  1:43  Probe (Chrono Boost)  
  22  1:49  Pylon  
  23  1:54  Probe (Chrono Boost)  
  23  1:57  Assimilator  
  23  2:08  Probe (Chrono Boost)  
  24  2:12  Adept  
  24  2:13  Warp Gate  
  26  2:20  Probe (Chrono Boost)  
  27  2:32  Probe (Chrono Boost)  
  27  2:36  Probe (Chrono Boost)  
  30  2:44  Probe (Chrono Boost)  
  30  2:45  Stargate  
  30  2:46  Probe (Chrono Boost)  
  31  2:54  Adept  
  31  2:56  Probe (Chrono Boost)  
  31  2:57  Probe (Chrono Boost)  
  33  3:08  Probe x2 (Chrono Boost)  
  33  3:16  Gateway  
  33  3:19  Gateway, Adept  
  34  3:20  Probe (Chrono Boost)  
  34  3:21  Probe (Chrono Boost)  
  34  3:23  Oracle  
  37  3:32  Probe (Chrono Boost)  
  37  3:33  Probe (Chrono Boost)  
  42  3:38  Pylon  
  42  3:44  Probe (Chrono Boost)  
  42  3:46  Probe (Chrono Boost)  
  44  3:48  Twilight Council  
  44  3:55  Assimilator  
  45  3:57  Probe (Chrono Boost)  
  45  3:59  Probe (Chrono Boost)  
  46  4:03  Pylon, Void Ray  
  46  4:08  Probe (Chrono Boost)  
  51  4:13  Probe (Chrono Boost)  
  51  4:14  Resonating Glaives  
  52  4:23  Adept  
  54  4:25  Pylon  
  54  4:26  Probe (Chrono Boost)  
  56  4:32  Probe (Chrono Boost), Pylon  
  56  4:37  Adept x2  
  60  4:43  Adept  
  62  4:54  Nexus  
  62  4:56  Pylon  
  62  5:03  Adept x2  
  62  5:04  Adept  
  68  5:09  Probe (Chrono Boost)  
  68  5:12  Mothership Core (Chrono Boost)  
  72  5:22  Probe (Chrono Boost)  
  72  5:24  Adept x3  
  78  5:29  Assimilator  
  78  5:30  Probe (Chrono Boost)  
  78  5:35  Probe (Chrono Boost)  
  80  5:36  Pylon  
  80  5:41  Probe (Chrono Boost)  
  81  5:45  Adept x2  
  81  5:47  Pylon  
  85  5:50  Robotics Facility  
  85  5:54  Forge  
  85  5:56  Probe (Chrono Boost)  
  86  5:57  Sentry  
  86  5:59  Probe (Chrono Boost)  
  89  6:04  Pylon  
  89  6:06  Probe (Chrono Boost)  
  89  6:08  Probe (Chrono Boost)  
  89  6:10  Probe (Chrono Boost)  
  92  6:15  Pylon  
  92  6:17  Probe (Chrono Boost)  
  93  6:20  Probe (Chrono Boost), Sentry x2  
  93  6:24  Probe (Chrono Boost), Pylon  
Show
View Real Time Build Order
Export as new Build Order

GAMETIME Zerg 

Build Orders: Hatch First 

Get SALT Encoding   

  12  0:01  Drone  
  13  0:12  Overlord  
  13  0:18  Drone  
  14  0:30  Drone  
  14  0:31  Drone  
  16  0:49  Hatchery  
  15  0:52  Drone  
  15  0:55  Drone  
  17  1:00  Drone  
  18  1:09  Extractor  
  17  1:15  Spawning Pool  
  17  1:18  Drone  
  17  1:21  Drone  
  18  1:28  Drone  
  19  1:38  Drone  
  20  1:50  Hatchery  
  19  1:54  Drone  
  20  2:02  Queen  
  20  2:05  Drone  
  23  2:11  Metabolic Boost  
  23  2:15  Drone  
  24  2:19  Drone  
  25  2:24  Overlord  
  25  2:27  Zergling x2  
  26  2:30  Zergling x2  
  26  2:35  Zergling x2  
  28  2:43  Overlord  
  28  2:49  Queen  
  30  2:56  Drone x2  
  31  2:58  Drone  
  30  3:07  Drone  
  30  3:09  Drone x2  
  30  3:10  Drone  
  30  3:12  Drone  
  34  3:16  Zergling x2  
  34  3:17  Zergling x2  
  37  3:20  Drone  
  37  3:22  Drone  
  37  3:26  Drone x2  
  40  3:32  Queen  
  42  3:37  Overlord  
  42  3:40  Overlord  
  41  3:43  Drone  
  41  3:45  Drone  
  41  3:46  Drone  
  41  3:48  Drone  
  45  3:50  Drone  
  45  3:52  Drone  
  46  3:57  Drone x3  
  46  4:00  Extractor  
  48  4:04  Spore Crawler  
  48  4:07  Spore Crawler  
  48  4:09  Drone, Spore Crawler  
  46  4:10  Drone  
  46  4:12  Drone  
  46  4:14  Drone  
  49  4:17  Overlord  
  49  4:19  Drone  
  49  4:21  Drone  
  51  4:26  Lair  
  51  4:29  Drone  
  51  4:30  Drone  
  53  4:32  Drone  
  53  4:34  Drone  
  53  4:35  Drone  
  53  4:36  Drone  
  53  4:38  Drone  
  58  4:41  Drone x2  
  58  4:42  Drone  
  58  4:44  Drone  
  62  4:46  Overlord  
  62  4:49  Drone  
  59  4:53  Drone  
  59  4:54  Drone x2  
  59  4:57  Drone x3  
  65  5:01  Extractor  
  65  5:02  Extractor  
  65  5:06  Drone x2  
  65  5:07  Drone  
  66  5:14  Drone x3  
  69  5:15  Drone  
  69  5:18  Zergling x2  
  69  5:19  Zergling x6  
  72  5:26  Overlord x2  
  72  5:27  Hydralisk Den  
  70  5:29  Drone  
  70  5:35  Drone, Overlord  
  72  5:40  Overlord x2  
  72  5:45  Hatchery  
  70  5:51  Overlord  
  70  5:58  Hydralisk x5  
  70  6:01  Zergling x6  
  83  6:05  Hydralisk  
  83  6:08  Hydralisk x2  
  83  6:10  Zergling x2  
  83  6:11  Zergling x4  
  93  6:17  Zergling x2  
Tags
 
Add a new tag
Caveats
  • Supply blocks, unpowered buildings, or Contaminate may cause inaccurate times.
  • Supply counts are checked every 10 seconds.